 Dungeon Crawl Stone Soup version 0.25-a0-565-g8875c97ebb (webtiles) character file.

Game seed: 3423952653318552155, levelgen mode: deterministic

49 MisterFreud the Charmwright (level 3, 0/17 HPs)
             Began as a Felid Skald on Feb 26, 2020.
             Slain by an adder (4 damage)
             ... on level 2 of the Dungeon.
             The game lasted 00:05:53 (2459 turns).

MisterFreud the Charmwright (Felid Skald)           Turns: 2459, Time: 00:05:54

Health: 0/17       AC:  1    Str:  7    XL:     3   Next: 51%
Magic:  3/7        EV: 18    Int: 15    God:
Gold:   47         SH:  0    Dex: 15    Spells: 3/6 levels left
                                        Lives:  0   Deaths: 0

rFire    . . .     SeeInvis +     - Unarmed
rCold    . . .     Gourm    .   (shield unavailable)
rNeg     . . .     Faith    .   (armour unavailable)
rPois    .         Spirit   .   (helmet unavailable)
rElec    .         Reflect  .   (cloak unavailable)
rCorr    .         Harm     .   (gloves unavailable)
MR       .....                  (boots unavailable)
Stlth    ++........             (no amulet)
HPRegen  0.05/turn              (no ring)
MPRegen  0.10/turn              (no ring)

@: infused, quick
A: very small, no armour, no weapons or thrown items, stealth, claws 1, fangs 3,
see invisible, carnivore, speed 1, shaggy fur 1, slow metabolism 1, sharp paws
a: no special abilities


You were on level 2 of the Dungeon.
You were completely stuffed.

You visited 1 branch of the dungeon, and saw 2 of its levels.

You collected 47 gold pieces.

Inventory:

Scrolls
 a - 2 scrolls of identify
 e - 3 scrolls of remove curse
Potions
 c - a potion of curing
 d - a potion of flight
 g - a potion of degeneration {unknown}
Comestibles
 b - 5 rations


   Skills:
 + Level 3.5 Fighting
 - Level 3.2 Dodging
 - Level 2.0 Unarmed Combat
 - Level 2.0 Spellcasting
 - Level 3.6 Charms
 + Level 2.2 Translocations


You had 3 spell levels left.
You knew the following spells:

 Your Spells              Type           Power        Failure   Level  Hunger
a - Infusion              Chrm           ##..         4%          1    #......
b - Shroud of Golubria    Chrm/Tloc      ##....       10%         2    ###....

Your spell library contained the following spells:

 Spells                   Type           Power        Failure   Level  Hunger
 Song of Slaying          Chrm           ##......     8%          2    ###....
 Ozocubu's Armour         Chrm/Ice       #.......     32%         3    ###....
 Spectral Weapon          Hex/Chrm       Unusable     N/A         3    N/A

Dungeon Overview and Level Annotations

Branches:
Dungeon (2/15)

Altars:


Innate Abilities, Weirdness & Mutations

You cannot wear armour.
You are incapable of wielding weapons or throwing items.
Your paws allow you to move quietly. (Stealth)
You have sharp claws.
You have razor-sharp teeth.
You have supernaturally acute eyesight. (SInv)
You are carnivorous and can eat meat at any time.
You cover ground quickly.
You are covered in fur. (AC +1)
You have a slow metabolism.
Your sharp claws are effective at attacking unaware monsters.


Message History

Casting: Shroud of Golubria (safe; 10% risk of failure)
Confirm with . or Enter, or press ? or * to list all spells.
You begin infusing your attacks with magical energy.
The adder closely misses you.
Unknown command.
You closely miss the adder. You bite the adder.
The adder is moderately wounded.
The adder barely misses you.
You closely miss the adder. You bite the adder.
The adder is heavily wounded.
The adder closely misses you.
You closely miss the adder.
The adder is heavily wounded.
The adder bites you.
* * * LOW HITPOINT WARNING * * *
The adder barely misses you.
You scratch the adder.
The adder is severely wounded.
The adder bites you.
You die...

## .## ..### #...###
..#...###############
#.###...#.....#.....##
#..####..............##
##.# #.........@.....#
##.####..........S....#
##..†.#...............#
#####.................#
## ###..............?#
.######..........<....#
.....###.............##
...#..###.....#.....##
...##.#########


You could see an adder.

Vanquished Creatures
  An adder (D:2)
  A leopard gecko (D:1)
  6 bats
  2 giant cockroaches (D:2)
  8 goblins
  7 hobgoblins (D:1)
  A frilled lizard (D:1)
  5 kobolds
  6 rats
37 creatures vanquished.

Notes
Turn   | Place    | Note
-------+----------+-------------------------------------------
     0 | D:1      | MisterFreud the Felid Skald began the quest for the Orb.
     0 | D:1      | Reached XP level 1. HP: 9/9 MP: 4/4
   685 | D:1      | Reached XP level 2. HP: 6/13 MP: 1/6
   844 | D:1      | Learned a level 2 spell: Shroud of Golubria
  1392 | D:1      | Reached skill level 1 in Translocations
  1643 | D:1      | Reached XP level 3. HP: 17/17 MP: 7/7
  2459 | D:2      | Slain by an adder

Levels and vault maps discovered:
D:1:      noname_arrival_rooms_in_the_neighbourhood, layout_rooms,
          serial_bayou_lagoon_b
D:2:      layout_rooms, uniq_robin

Skill      XL: |  1  2  3 |
---------------+----------+-----
Fighting       | 3 |  3.5
Translocations | 1 2 |  2.2
Dodging        | |  3.2
Unarmed Combat | |  2.0
Spellcasting   | |  2.0
Charms         | |  3.6

Action                   || total
-------------------------++-------
Melee: Unarmed           ||   108
       Bite              ||     9
 Cast: Infusion          ||    16
       Shroud of Golubri ||    16
  Use: Scroll            ||     3
 Stab: Sleeping          ||     1
  Eat: Chunk             ||    12
Armor: Skin              ||     9
Dodge: Dodged            ||    86

Table legend:
 A = Non-vault XP
 B = Vault XP
 C = Vault XP percentage of total XP
 D = Non-vault monster count
 E = Vault monster count
 F = Vault count percentage of total count
                 A         B        C        D         E       F
            +---------+---------+-------+---------+---------+-------
      Total |      70 |       0 |   0.0 |      37 |       0 |   0.0
            +---------+---------+-------+---------+---------+-------
        D:1 |      44 |       0 |   0.0 |      28 |       0 |   0.0
        D:2 |      26 |       0 |   0.0 |       9 |       0 |   0.0
            +---------+---------+-------+---------+---------+-------
